 Dungeon Crawl Stone Soup version 0.29.0-10-g45618ea6d2 (webtiles) character file.

Game seed: 11732075595818172709

3 avis the Caller (level 1, -4/7 HPs)
             Began as a Felid Summoner on Sept 1, 2022.
             Slain by a gnoll
             ... wielding a +0 flail
              (6 damage)
             ... on level 1 of the Dungeon.
             The game lasted 00:02:37 (396 turns).

avis the Caller (Felid Summoner)                     Turns: 396, Time: 00:02:38

Health: -4/7       AC:  1    Str:  4    XL:     1   Next: 41%
Magic:  4/4        EV: 17    Int: 16    God:
Gold:   25         SH:  0    Dex: 16    Spells: 3/4 levels left
                                        Lives:  0   Deaths: 0

rFire   . . .      SeeInvis +   (weapon unavailable)
rCold   . . .      Faith    .   (shield unavailable)
rNeg    . . .      Spirit   .   (body armour unavailable)
rPois   .          Reflect  .   (helmet unavailable)
rElec   .          Harm     .   (cloak unavailable)
rCorr   .          Rampage  .   (gloves unavailable)
Will    .....                   (boots unavailable)
Stlth   ++........              (no amulet)
HPRegen 0.02/turn               (no ring)
MPRegen 0.09/turn               (no ring)

@: quick
A: very small, claws 1, fangs 3, see invisible, speed 1, shaggy fur 1, stealthy
paws, no weapons or thrown items, no armour, multi-lived
a: no special abilities


You were on level 1 of the Dungeon.
You visited 1 branch of the dungeon, and saw 1 of its levels.

You collected 25 gold pieces.

Inventory:

Scrolls
 b - a scroll of butterflies {unknown}
 c - a scroll of identify {unknown}
Potions
 d - a potion of curing {unknown}


   Skills:
 + Level 0.2 Fighting
 - Level 2.6 Dodging
 - Level 2.6 Stealth
 * Level 2.1 Spellcasting
 + Level 4.0 Summonings


You had 3 spell levels left.
You knew the following spells:

 Your Spells              Type           Power      Damage    Failure   Level
a - Summon Small Mammal   Summ           56%        N/A       3%          1

Your spell library contained the following spells:

 Spells                   Type           Power      Damage    Failure   Level
 Call Imp                 Summ           14%        N/A       6%          2
 Call Canine Familiar     Summ           14%        N/A       12%         3
 Summon Guardian Golem    Hex/Summ       8%         N/A       26%         3
 Summon Lightning Spire   Summ/Air       8%         N/A       65%         4


Dungeon Overview and Level Annotations

Branches:
Dungeon (1/15)

Altars:


Innate Abilities, Weirdness & Mutations

You have sharp claws.
You have razor-sharp teeth.
You have supernaturally acute eyesight. (SInv)
You cover ground quickly. (Speed+)
You are covered in fur. (AC +1)
Your paws help you pounce on unaware monsters.
You are incapable of wielding weapons or throwing items.
You cannot wear armour.
You gain extra lives every three experience levels.


Message History

Press: ? - help, Dir - move target, f/p - gnoll
Aim: a gnoll, wielding a +0 flail (lightly wounded, ally target) Attack!
Casting: Summon Small Mammal (safe; 3% risk of failure)
Confirm with . or Enter, or press ? or * to list all spells.
The gnoll hits your rat with a +0 flail.
Your rat dies!
Your rat's corpse disappears in a puff of smoke!
The gnoll barely misses your bat.
Your bat barely misses the gnoll.
Casting: Summon Small Mammal (safe; 3% risk of failure)
Confirm with . or Enter, or press ? or * to list all spells.
You don't have enough magic to cast this spell.
Unknown command.
The gnoll hits your bat with a +0 flail!
Your bat dies!
Your bat's corpse disappears in a puff of smoke!
Casting: Summon Small Mammal (safe; 3% risk of failure)
Confirm with . or Enter, or press ? or * to list all spells.
Your bat hits the gnoll but does no damage.
The gnoll barely misses your bat.
Your bat closely misses the gnoll.
Your bat barely misses the gnoll.
The gnoll hits your bat with a +0 flail!
Your bat dies!
Your bat's corpse disappears in a puff of smoke!
You completely miss the gnoll. You bite the gnoll, but do no damage.
The gnoll is lightly wounded.
The gnoll barely misses you.
You closely miss the gnoll.
The gnoll is lightly wounded.
The gnoll hits you with a +0 flail.
Ouch! That really hurt!
* * * LOW HITPOINT WARNING * * *
You aren't carrying any items that you can evoke.
Magic courses through your body.
Casting: Summon Small Mammal (safe; 3% risk of failure)
Confirm with . or Enter, or press ? or * to list all spells.
The gnoll hits you with a +0 flail.
Ouch! That really hurt!
You die...

#...# #...# #...####... #...#
#...# #...# #...
#...#######...#####...####...
#............................
#............................
################.############
# #r# #..##.#
.###############.# ##....#
...............g@# ####.#
.######.########## #.# .
#......# #.# .
######.###########.# g
#.............# .
############### . .


You could see a gnoll (ally target) and a friendly rat (summoned).

Vanquished Creatures (collateral kills)
  A hobgoblin (D:1)
  2 kobolds (D:1)
3 creatures vanquished.

Notes
Turn   | Place    | Note
-------+----------+-------------------------------------------
     0 | D:1      | avis the Felid Summoner began the quest for the Orb.
     0 | D:1      | Reached XP level 1. HP: 7/7 MP: 4/4
   396 | D:1      | Slain by a gnoll

Illustrated notes

Levels and vault maps discovered:
D:1:      dpeg_arrival_boxorama, layout_loops_ring

Action                   || total
-------------------------++-------
Melee: Unarmed           ||     2
       Bite              ||     1
 Cast: Summon Small Mamm ||    15
  Use: Potion            ||     1
Dodge: Dodged            ||     3
